 Dungeon Crawl Stone Soup version 0.30-a0-1094-g860fb061e7 (webtiles) character file.

Game seed: 15442639358017723205

670 Newt the Covered (level 7, 0/54 HPs)
             Began as a Demonspawn Gladiator on Apr 17, 2023.
             Slain by a wyvern (13 damage)
             ... on level 5 of the Dungeon.
             The game lasted 00:04:24 (4441 turns).

Newt the Covered (Demonspawn Gladiator)             Turns: 4441, Time: 00:04:24

Health: 0/54       AC: 14    Str: 17    XL:     7   Next: 32%
Magic:  7/7        EV:  8    Int:  9    God:
Gold:   164        SH:  0    Dex: 14    Spells: 6/6 levels left

rFire   . . .      SeeInvis .    q - +2 short sword (protect)
rCold   . . .      Faith    .    (no shield)
rNeg    . . .      Spirit   .    m - +1 plate armour
rPois   .          Reflect  .    (helmet restricted)
rElec   .          Rampage  .    (no cloak)
rCorr   .                        h - +0 pair of gloves
Will    +....                    (no boots) Stlth
                                 (no amulet)
HPRegen 0.29/turn                l - ring of willpower
MPRegen 0.10/turn                (no ring)

@: about to teleport
A: horns 1, ignite blood 1, powered by death 1, sturdy frame 1
a: no special abilities


You were on level 5 of the Dungeon.
You visited 1 branch of the dungeon, and saw 5 of its levels.

You collected 164 gold pieces.

Inventory:

Hand Weapons
 a - a +1 rapier
 q - a +2 short sword of protection (weapon)
Missiles
 d - a throwing net (quivered)
 e - a javelin
Armour
 b - a +0 leather armour
 c - a +0 helmet
 h - a +0 pair of gloves (worn)
 m - a +1 plate armour (worn)
Jewellery
 l - a ring of willpower (left hand)
Scrolls
 o - a scroll of blinking
 p - 2 scrolls of enchant weapon
Potions
 f - 2 potions of curing
 g - 2 potions of lignification
 i - a potion of heal wounds
 j - 2 potions of degeneration
 k - a potion of attraction


   Skills:
 - Level 4.0 Fighting
 - Level 2.6 Short Blades
 - Level 1.7 Throwing
 + Level 5.7 Armour
 - Level 4.0 Dodging


You had 6 spell levels left.
You didn't know any spells.
Your spell library contained the following spells:

 Spells                   Type           Power      Damage    Failure   Level
 Ozocubu's Armour         Ice            0%         N/A       100%        3
 Metabolic Englaciation   Hex/Ice        0%         N/A       100%        5
 Simulacrum               Ice/Necr       0%         N/A       100%        6


Dungeon Overview and Level Annotations

Branches:
Dungeon (5/15)
 Temple: D:4-7

Altars:


Innate Abilities, Weirdness & Mutations

You have a pair of small horns on your head.
Your demonic aura sometimes causes spilled blood to erupt in flames.
You regenerate a little health from kills.
Your movements are slightly less encumbered by armour. (ER -2)


Message History

A gnoll comes into view. It is wielding a +0 club.
You hit the gnoll.
The gnoll is almost dead.
The gnoll is engulfed in blazing flames.
You kill the gnoll!
The gnoll sergeant hits you but does no damage.
You open the door.
The gnoll is no longer moving quickly.
Found 10 gold pieces.
The gnoll is no longer moving quickly.
There is an open door here.
A wyvern comes into view.
The wyvern hisses angrily.
The gnoll bouda gazes fiercely through you!
You feel your attacks grow feeble.
The wyvern moves out of view.
You hear a shout!
The gnoll is no longer moving quickly.
A gnoll comes into view. It is wielding a +0 spear.
The gnoll bouda gazes fiercely through you!
You feel as though you will be weak longer.
The wyvern attacks as you move away!
The wyvern bites you but does no damage.
The wyvern bites you. The gnoll attacks as you move away!
The gnoll hits you but does no damage. The wyvern attacks as you move away!
The wyvern barely misses you.
Your attacks no longer feel as feeble.
The wyvern bites you!
The gnoll bouda barks out a call to the hunt!
The gnolls pick up the pace!
The gnoll attacks as you move away! The gnoll hits you but does no damage.
The wyvern attacks as you move away! The wyvern closely misses you.
The gnoll hits you with a +0 club. The gnoll attacks as you move away!
The gnoll hits you but does no damage.
As you read the scroll of teleportation, it crumbles to dust.
You feel strangely unstable. The gnoll closely misses you.
Unknown command.
The wyvern attacks as you move away! The wyvern bites you!
* * * LOW HITPOINT WARNING * * *
The wyvern bites you!
You die...

#....####[........
+....+ #.........
#.ggg##+#.........
#.gg.......)......
#g................
#g###.............
#..######.>$......
#lg...............
#@..P.............
#..PPP...P.#.#####
#..P.......#.#
#..PP....
#..P...P.
#..P....P
#....P.PP
#.#......


You could see a wyvern, a gnoll sergeant (swift) and 4 gnolls.

Vanquished Creatures
  A water moccasin (D:4)
  An ogre (D:5)
  4 scorpions
  2 iguanas
  2 orc wizards (D:4)
  4 adders
  A gnoll (D:5)
  2 worms
  4 dart slugs
  8 orcs
  11 ball pythons
  5 endoplasms
  4 giant cockroaches
  5 goblins
  6 hobgoblins
  2 jackals (D:3)
  2 quokkas (D:2)
  5 bats
  6 frilled lizards
  5 kobolds
  5 rats
85 creatures vanquished.

Vanquished Creatures (others)
  9 plants (D:5)
9 creatures vanquished.

Grand Total: 94 creatures vanquished

Notes
Turn   | Place    | Note
-------+----------+-------------------------------------------
     0 | D:1      | Newt the Demonspawn Gladiator began the quest for the Orb.
     0 | D:1      | Reached XP level 1. HP: 16/16 MP: 1/1
   251 | D:1      | Gained mutation: Your movements are slightly less
                  | encumbered by armour. (ER -2) [demonic ancestry]
   251 | D:1      | Reached XP level 2. HP: 23/23 MP: 2/2
   902 | D:2      | Gained mutation: You have a pair of small horns on your
                  | head. [demonic ancestry]
   902 | D:2      | Reached XP level 3. HP: 29/29 MP: 3/3
  1493 | D:2      | Gained mutation: Your demonic aura sometimes causes spilled
                  | blood to erupt in flames. [demonic ancestry]
  1493 | D:2      | Reached XP level 4. HP: 37/37 MP: 4/4
  2690 | D:3      | Noticed a scorpion
  2711 | D:3      | Killed a scorpion
  2712 | D:3      | Reached skill level 1 in Armour
  2712 | D:3      | Gained mutation: You regenerate a little health from kills.
                  | [demonic ancestry]
  2712 | D:3      | Reached XP level 5. HP: 10/42 MP: 5/5
  3121 | D:4      | Reached skill level 2 in Armour
  3250 | D:4      | Reached skill level 3 in Armour
  3311 | D:4      | Noticed a water moccasin
  3329 | D:4      | Killed a water moccasin
  3330 | D:4      | Reached XP level 6. HP: 19/48 MP: 6/6
  3654 | D:4      | Reached skill level 4 in Armour
  4261 | D:5      | Entered Level 5 of the Dungeon
  4276 | D:5      | Reached skill level 5 in Armour
  4276 | D:5      | Reached XP level 7. HP: 32/54 MP: 7/7
  4429 | D:5      | Noticed a wyvern
  4441 | D:5      | Slain by a wyvern

Illustrated notes

Levels and vault maps discovered:
D:1:      lemuel_arrival_tunnels, layout_basic, roderic_nine_men_s_morris
D:2:      layout_basic, small_statue_intersection
D:3:      layout_loops_corners
D:4:      layout_gridville, elyvilon_altar_5, nrook_loot_triangle,
          kennysheep_small_circle
D:5:      layout_basic, nicolae_grassy_gnolls

Skill      XL: |  1  2  3  4  5  6 |
---------------+-------------------+-----
Fighting       | 3 4 |  4.0
Dodging        | 3 4 |  4.0
Armour         | 1 3 5 |  5.7
Short Blades   | |  2.6
Throwing       | |  1.7

Action                     |  1- 3 |  4- 6 |  7- 9 || total
---------------------------+-------+-------+-------++-------
  Melee: Rapier            |   115 |   179 |       ||   294
         Punch             |     2 |     1 |     1 ||     4
         Headbutt          |    11 |    40 |     5 ||    56
         Short sword       |       |    30 |    19 ||    49
  Throw: Throwing net      |       |     3 |       ||     3
         Javelin           |       |     2 |       ||     2
    Use: Scroll            |     3 |     7 |     2 ||    12
         Potion            |       |     1 |     1 ||     2
   Stab: Sleeping          |     3 |       |       ||     3
         Held in net/web   |       |     1 |       ||     1
 Armour: Leather armour    |    45 |     1 |       ||    46
         Plate armour      |       |   119 |    12 ||   131
  Dodge: Dodged            |    61 |    65 |    12 ||   138

Table legend: (Time is in decaauts)
 A = Elapsed time spent in this place.
 B = Non-inter-level travel time spent in this place.
 C = Inter-level travel time spent in this place.
 D = Time resting spent in this place.
 E = Time spent auto-exploring this place.
 F = Levels seen in this place.
 G = Mean time per level.
                   A        B        C        D        E       F      G
               +--------+--------+--------+--------+--------+-----+--------+
         Total |   4454 |   4340 |    114 |    991 |   2662 |   5 |  890.8 |
       Dungeon |   4454 |   4340 |    114 |    991 |   2662 |   5 |  890.8 |
               +--------+--------+--------+--------+--------+-----+--------+

Top non-repeatable levels by time:
     D:3: 1365 daAuts
     D:4: 1162 daAuts
     D:2: 923 daAuts
     D:1: 826 daAuts
     D:5: 175 daAuts
